Map: Ulrena

Players

Tang - Winner!

  • Race: Zerg Zerg
  • League: Master

A.I. 1 (Very Easy)

  • Race: Zerg Zerg

VOD

Have the link to the VOD?

Description

ZvT build order

Time

  • Played on: Dec. 1, 2015, 12:07 p.m.
  • Length: 11:15
Show
View Real Time Build Order
Export as new Build Order

Tang Zerg - Winner!

Build Orders: Hatch First 

Get SALT Encoding   

  12  0:01  Drone  
  13  0:12  Overlord  
  13  0:17  Drone  
  14  0:30  Drone x2  
  14  0:35  Drone  
  17  0:53  Hatchery  
  17  0:56  Drone  
  17  0:58  Drone  
  18  1:12  Spawning Pool  
  18  1:14  Extractor  
  18  1:16  Drone  
  17  1:19  Drone  
  18  1:28  Drone  
  19  1:38  Overlord  
  19  1:49  Drone  
  20  1:59  Queen  
  20  2:01  Zergling x2  
  23  2:05  Queen  
  23  2:06  Zergling x2  
  26  2:11  Drone  
  27  2:16  Metabolic Boost  
  27  2:17  Drone  
  27  2:21  Drone  
  29  2:27  Drone  
  30  2:35  Queen  
  32  2:40  Queen  
  32  2:41  Overlord  
  34  2:45  Drone x2  
  34  2:49  Overlord  
  36  2:59  Roach Warren  
  36  3:00  Drone  
  36  3:01  Drone  
  37  3:06  Drone  
  38  3:14  Drone x4  
  38  3:15  Drone  
  38  3:18  Drone  
  44  3:21  Drone  
  44  3:23  Drone  
  44  3:26  Overlord  
  46  3:37  Drone  
  46  3:39  Roach  
  46  3:40  Roach  
  51  3:42  Overlord, Spore Crawler  
  51  3:44  Roach  
  51  3:47  Roach  
  54  3:51  Zergling x6  
  57  4:07  Hatchery  
  57  4:09  Lair  
  56  4:10  Drone x2  
  56  4:13  Drone  
  56  4:14  Drone  
  60  4:24  Drone  
  60  4:26  Extractor  
  60  4:27  Drone x3  
  60  4:28  Drone x3  
  66  4:33  Extractor  
  66  4:37  Evolution Chamber  
  64  4:43  Extractor  
  64  4:44  Evolution Chamber, Drone x2  
  64  4:45  Drone  
  65  4:48  Overlord x2  
  65  4:51  Drone x2  
  65  4:52  Drone  
  68  5:00  Overlord x2  
  68  5:04  Zerg Ground Armor Level 1  
  68  5:07  Drone  
  68  5:08  Drone x2  
  68  5:10  Zerg Melee Weapons Level 1  
  71  5:15  Overlord, Baneling Nest  
  71  5:17  Drone  
  71  5:25  Zergling x4  
  71  5:26  Zergling x2  
  74  5:28  Overseer  
  74  5:31  Drone  
  74  5:32  Drone x2  
  74  5:34  Drone x3  
  80  5:39  Drone  
  80  5:40  Drone  
  82  5:43  Drone  
  82  5:46  Drone, Spire  
  83  5:58  Drone x4, Extractor  
  83  5:59  Drone x6, Extractor  
  91  6:07  Infestation Pit  
  91  6:09  Glial Reconstitution  
  91  6:11  Centrifical Hooks  
  90  6:17  Drone x2  
  90  6:18  Drone x3  
  95  6:25  Hatchery  
  94  6:36  Baneling  
  94  6:37  Baneling x4  
  94  6:39  Ravager x3  
  97  6:42  Hatchery  
  97  6:45  Zergling x2  
  97  6:46  Zergling x18  
  106  6:51  Overlord  
  106  7:01  Zerg Flyer Armor Level 1  
  106  7:02  Zerg Ground Armor Level 2  
  106  7:04  Zergling x16  
  106  7:08  Overlord x2  
  114  7:10  Zerg Melee Weapons Level 2  
  114  7:13  Overlord  
  114  7:15  Drone  
  114  7:21  Overlord x2  
  115  7:25  Hive  
  115  7:30  Extractor  
  115  7:35  Corruptor x2  
  115  7:36  Corruptor  
  121  7:37  Extractor, Zergling x8  
  121  7:38  Zergling x2  
  121  7:42  Baneling x4  
  121  7:44  Drone x4  
  127  7:45  Drone  
  127  7:47  Drone  
  127  7:49  Overlord  
  130  7:53  Overlord  
  130  7:58  Baneling x4  
  130  8:04  Zergling x2  
  130  8:05  Zergling x22  
  142  8:21  Zergling x2  
  142  8:22  Zergling x18  
  142  8:25  Baneling x7  
  142  8:26  Roach  
  142  8:27  Roach  
  156  8:34  Corruptor  
  156  8:35  Corruptor  
  156  8:37  Corruptor  
  162  8:43  Drone x4  
  162  8:45  Drone  
  167  8:55  Ultralisk Cavern  
  166  8:58  Hatchery, Adrenal Glands  
  166  9:02  Zerg Flyer Weapons Level 1  
  165  9:11  Pneumatized Carapace  
  165  9:13  Overlord  
  165  9:17  Drone x3  
  165  9:18  Drone  
  169  9:42  Ultralisk x3  
  169  9:43  Chitinous Plating  
  187  9:52  Drone x5  
  192  9:53  Drone  
  192  9:59  Extractor x2  
  191  10:00  Ultralisk, Zergling x2  
  191  10:02  Overlord x2  
  198  10:16  Zergling x4  
Show
View Real Time Build Order
Export as new Build Order

A.I. 1 (Very Easy) Zerg 

Build Orders: Pool First 

Get SALT Encoding   

  12  0:01  Drone  
  13  0:12  Overlord  
  13  0:17  Drone  
  14  0:35  Spawning Pool  
  13  0:36  Extractor  
  13  0:39  Drone  
  13  0:46  Drone  
  14  0:52  Overlord  
  14  1:22  Zergling x2  
  14  1:23  Queen  
  17  1:32  Roach Warren  
  16  1:35  Drone  
  16  1:39  Extractor  
  16  1:43  Drone  
  17  1:48  Zergling x2  
  18  2:02  Drone  
  19  2:09  Drone  
  19  2:15  Zergling x2  
  21  2:18  Drone  
  22  2:29  Overlord  
  22  2:33  Drone  
  23  2:40  Drone  
  23  2:41  Roach  
  26  2:48  Drone  
  27  4:08  Zergling x2  
  27  7:14  Drone, Roach  
  27  7:15  Lair, Overlord  
  30  7:21  Drone  
  31  7:23  Hatchery  
  31  7:28  Drone  
  31  7:35  Drone  
  29  7:43  Drone  
  28  7:54  Roach  
  30  8:15  Overseer x2  
  30  8:33  Zergling x2  
  31  8:36  Drone  
  32  8:43  Drone  
  32  8:46  Extractor  
  32  8:50  Extractor  
  32  8:51  Drone  
  32  8:58  Drone  
  33  9:05  Drone  
  34  9:12  Drone, Roach  
  37  9:20  Drone  
  38  9:27  Drone  
  39  9:34  Drone  
  40  9:41  Drone  
  41  9:48  Drone  
  42  9:55  Drone  
  43  10:03  Drone  
  44  10:10  Drone  
  44  10:11  Overlord  
  45  10:17  Drone  
  46  10:24  Drone  
  47  10:31  Drone  
  48  10:38  Drone  
  49  10:52  Zergling x2  
  49  10:54  Overlord  
  40  10:57  Drone  
Tags
 
League
Master
Matchup
ZvZ
Race
Zerg
Add a new tag
Caveats
  • Supply blocks, unpowered buildings, or Contaminate may cause inaccurate times.
  • Supply counts are checked every 10 seconds.